AoeStats
← Yorshka

Arabia

507504279Analyzed
1v1 RM · 14d ago on Sep 18, 2026· 50m 5s· 2 players
Game mode
Random Map
Map size
Tiny (2 player)
Population
200
Speed
Normal
Resources
Standard
Victory
Conquest
Starting age
Dark Age
Ending age
Imperial Age
RankedLock teamsTeams togetherTeam positionsShared explorationLock speedFull tech treeHidden civsTurbo modeCheats
Victory
Defeat
🇨🇳 Berbers · China
2010
+15
🇺🇾 Turks · Uruguay
1984
-15
DS_Alec
6:33 Loom
10:23 Feudal Age
12:53 Double-Bit Axe
19:22 Castle Age
17:45 Fletching
18:09 Padded Archer Armor
18:20 Gold Mining
18:45 Gold Mining
21:13 Bow Saw
21:45 Leather Archer Armor
22:42 Bodkin Arrow
23:10 Ballistics
25:55 Bloodlines
30:12 Husbandry
31:20 Gold Shaft Mining
37:58 Imperial Age
38:41 Bracer
39:32 Parthian Tactics
40:04 Thumb Ring
42:34 Ring Archer Armor
Yorshka
6:19 Loom
9:15 Feudal Age
9:56 Double-Bit Axe
20:07 Castle Age
18:24 Fletching
18:47 Horse Collar
19:23 Gold Mining
20:03 Bloodlines
21:00 Husbandry
21:28 Bodkin Arrow
24:06 Padded Archer Armor
26:50 Bow Saw
27:38 Ballistics
31:00 Leather Archer Armor
33:29 Wheelbarrow
34:01 Town Watch
34:26 Heavy Plow
39:46 Imperial Age
37:50 Thumb Ring
38:24 Scale Barding Armor
38:08 Light Cavalry
39:31 Chain Barding Armor
39:36 Hand Cart
39:39 Forging
40:13 Masonry
40:33 Bracer
41:47 Chemistry
42:12 Plate Barding Armor
42:21 Conscription
43:06 Forging
44:55 Iron Casting
44:02 Hussar
45:36 Ring Archer Armor
46:57 Blast Furnace
47:03 Elite Camel Archer
48:06 Conscription
49:54 Arrowslits
50:15 Kasbah
Connection lost

Rejoining the realm…

Still unreachable

The connection could not be restored.

Session expired

The server has moved on; the page needs a fresh start.